 Dungeon Crawl Stone Soup version 0.14-a0-3545-g7d9ef9c (webtiles) character file.

315 Psiweapon the Cudgeler (level 5, -1/30 HPs)
             Began as a Gargoyle Warper on Mar 28, 2014.
             Slain by Sigmund
             ... wielding a +0,+0 scythe
              (6 damage)
             ... on Level 3 of the Dungeon.
             The game lasted 00:13:55 (3102 turns).

Psiweapon the Cudgeler (Gargoyle Warper)            Turns: 3102, Time: 00:13:55

HP  -1/30        AC  9     Str 15      XL: 5   Next: 32%
MP   9/9         EV 10     Int 14      God:
Gold 165         SH  9     Dex  9      Spells:  3 memorised,  2 levels left

rFire  + . .     SeeInvis .     a - +0 mace
rCold  . . .     Clarity  .     i - +2 leather armour {rF+}
rNeg   + . .     Conserve .     C - +2 buckler
rPois  +         rCorr    .     (no helmet)
rElec  +         rRot     +     (no cloak)
SustAb . .       Spirit   .     (no gloves)
rMut   .         Warding  .     (no boots)
Saprov . . .     Stasis   .     (no amulet)
MR     .....                    (no ring)
                                (no ring)

@: not resistant to hostile enchantments, very unstealthy
A: life protection 1, electricity resistance, unbreathing, petrification
resistance, AC +4
a: no special abilities


You were on level 3 of the Dungeon.
You were not hungry.

You visited 1 branch of the dungeon, and saw 4 of its levels.

You collected 165 gold pieces.

Inventory:

Hand weapons
 a - a +0,+0 mace (weapon)
 b - a +0,+0 sling
Missiles
 e - 12 darts (quivered)
 f - 10 darts of dispersal
 l - 22 stones
 n - 22 sling bullets
Armour
 i - a +2 leather armour of fire resistance (worn)
 r - a +0 leather armour
 C - a +2 buckler (worn)
Comestibles
 g - 2 bread rations
 s - a rotting chunk of kobold flesh
 v - a meat ration
 B - 2 rotting chunks of goblin flesh
 D - a chunk of goblin flesh
 E - a rotting chunk of bat flesh
 G - a chunk of adder flesh
 J - a chunk of adder flesh
Scrolls
 d - a scroll of blinking
 j - 4 scrolls of remove curse {unknown}
 u - 3 scrolls of identify {unknown}
 x - a scroll of fear {unknown}
 y - a scroll of enchant weapon II {unknown}
 F - a scroll of amnesia {unknown}
 H - a scroll of teleportation {unknown}
Jewellery
 k - a +5 ring of strength {unknown}
 p - an uncursed amulet of faith {unknown}
 t - an uncursed amulet of faith {unknown}
Potions
 h - a potion of agility {unknown}
 m - a potion of curing
 o - 2 potions of heal wounds {unknown}
 q - 2 potions of degeneration {unknown}
 z - a potion of invisibility {unknown}
 A - a potion of poison {unknown}
 I - a potion of lignification {unknown}
Books
 c - a book of Spatial Translocations

   Spells                             Type                      Level
   *Apportation                       Translocation                1
   *Blink                             Translocation                2
   Shroud of Golubria                 Charms/Translocation         2
   *Portal Projectile                 Translocation                3
   Teleport Other                     Translocation                3
   Passage of Golubria                Translocation                4


   Skills:
 - Level 2.1 Fighting
 - Level 4.7 Maces & Flails
 - Level 1.3 Slings
 - Level 1.0 Throwing
 - Level 1.1 Armour
 - Level 1.5 Dodging
 + Level 1.5 Shields
 - Level 2.0 Spellcasting
 + Level 3.3 Translocations


You had 2 spell levels left.
You knew the following spells:

 Your Spells              Type           Power        Failure   Level  Hunger
a - Apportation           Tloc           ##........   10%         1    ##.....
b - Blink                 Tloc           N/A          14%         2    ###....
c - Portal Projectile     Tloc           ##....       24%         3    ####...


Dungeon Overview and Level Annotations

Branches:
Dungeon (4/15)
 Temple: D:4-7

Altars:
Trog

Annotations:
D:3 Sigmund


Innate Abilities, Weirdness & Mutations

You are resistant to torment.
You are immune to poison.
You are immune to rotting.
Your stone body is very resilient (AC +4).
You resist negative energy.
You are resistant to electric shocks.
You can survive without breathing.
You are immune to petrification.


Message History

You miss something.
You hear some strange, mumbled words.
Something tries to affect you, but you resist.
Your shield prevents you from hitting something.
Something hits you.
You closely miss something. You block its attack.
You hit something. Something hits you!
* * * LOW HITPOINT WARNING * * *
You sock something!
You hear some strange, mumbled words.
Something tries to affect you, but you resist.
You closely miss something. You block its attack.
You barely miss something. You hit something. Something hits you.
* * * LOW HITPOINT WARNING * * *
You closely miss something.
You hear some strange, mumbled words.
The puff of flame misses you.
You miss something. Something hits you.
You die...

######'## ####### #.## ###...
#..## ##+## #.(.## ##..# ......
##.#### ########'### ......+
#...... #..........# >.....#
#...... '.....>....# ......#
#......
#..........######......#.##......
#..........'...(@{...(.#.........
#..........######......####..[...
#..........# ####+## #######
#####'###### ##.# #. #.## #.. ##.
#..# #.# #.. ##.# #######.### #.#
####'## #(........### ####'#
#.....# #...........###.....


There were no monsters in sight!

Vanquished Creatures
  A hound (D:3)
  Ijyb (D:3)
  3 adders
  A giant mite (D:3)
  A worm (D:2)
  3 giant geckos
  An ooze (D:1)
  3 giant cockroaches
  5 hobgoblins
  2 jackals (D:1)
  7 kobolds
  A quokka (D:2)
  2 ball pythons
  12 bats
  3 giant newts
  9 goblins
  7 rats
62 creatures vanquished.

Notes
Turn   | Place    | Note
--------------------------------------------------------------
     0 | D:1      | Psiweapon, the Gargoyle Warper, began the quest for the Orb.
     0 | D:1      | Reached XP level 1. HP: 12/12 MP: 3/3
   335 | D:1      | Reached XP level 2. HP: 14/17 MP: 4/4
   336 | D:1      | Reached skill level 3 in Maces & Flails
   347 | D:1      | Learned a level 2 spell: Blink
  1184 | D:1      | Reached XP level 3. HP: 18/21 MP: 6/6
  1675 | D:2      | Reached skill level 4 in Maces & Flails
  2123 | D:2      | Found a bloodstained altar of Trog.
  2330 | D:2      | Reached XP level 4. HP: 26/26 MP: 7/7
  2528 | D:2      | Learned a level 3 spell: Portal Projectile
  2545 | D:3      | Reached skill level 1 in Slings
  2893 | D:3      | Reached XP level 5. HP: 30/30 MP: 9/9
  2951 | D:3      | Noticed Ijyb
  2967 | D:3      | Killed Ijyb
  2967 | D:3      | Reached skill level 1 in Shields
  3073 | D:3      | Noticed Sigmund
  3102 | D:3      | Slain by Sigmund

Action                   |  1- 3 |  4- 6 || total
-------------------------+-------+-------++-------
Melee: Mace              |   111 |    62 ||   173
 Fire: Sling             |    38 |    31 ||    69
Throw: Dart              |     7 |     1 ||     8
 Cast: Blink             |     1 |     4 ||     5
  Use: Potion            |       |     2 ||     2
